 Dungeon Crawl Stone Soup version 0.23-a0-655-g3751e1c (webtiles) character file.

2482 Lanoc the Basher (level 9, -5/89 HPs)
             Began as a Troll Monk on Jan 7, 2019.
             Was a Priest of Qazlal.
             Slain by a worker ant (6 damage)
             ... while paralysed by a hornet
             ... on level 7 of the Dungeon.
             The game lasted 00:11:06 (4362 turns).

Lanoc the Basher (Troll Monk)                       Turns: 4362, Time: 00:11:07

Health: -5/89      AC:  5    Str: 23 (24) XL:     9   Next: 27%
Magic:  0/8        EV:  1    Int:  3 (6)  God:    Qazlal [***...]
Gold:   308        SH:  0    Dex: 16 (17) Spells: 8/8 levels left

rFire    . . .     SeeInvis .   a - +0 mace
rCold    + . .     Gourm    +   (no shield)
rNeg     . . .     Faith    .   b - +0 robe
rPois    .         Spirit   +   (helmet restricted)
rElec    .         Reflect  .   t - -1 cloak (curse)
rCorr    .         Harm     .   (gloves unavailable)
MR       .....                  (boots unavailable)
Stlth    +.........             r - amulet of guardian spirit
HPRegen  0.64/turn              q - ring of protection from cold
MPRegen  0.11/turn              (no ring)

@: confused, paralysed, agile, lethally poisoned (-5 -> -43), slowed
A: large, unfitting armour, claws 3, hooves 1, deformed body, fast metabolism 3,
gourmand, regeneration 1, shaggy fur 2, tough skin 2
a: Upheaval, Elemental Force, Renounce Religion


You were on level 7 of the Dungeon.
You worshipped Qazlal.
Qazlal was most pleased with you.
You were very full.

You visited 2 branches of the dungeon, and saw 8 of its levels.

You collected 308 gold pieces.

Inventory:

Hand Weapons
 a - a +0 mace (weapon)
 p - a +0 giant spiked club
Armour
 b - a +0 robe (worn)
 t - a cursed -1 cloak (worn)
Jewellery
 q - a ring of protection from cold (left claw)
 r - an amulet of guardian spirit (around neck)
Scrolls
 d - 4 scrolls of identify {unknown}
 e - 2 scrolls of fog {unknown}
 f - 2 scrolls of enchant armour {unknown}
 j - a scroll of amnesia {unknown}
 k - a scroll of enchant weapon {unknown}
 l - 3 scrolls of teleportation {unknown}
 m - 2 scrolls of fear {unknown}
 o - 3 scrolls of remove curse {unknown}
Potions
 g - a potion of brilliance
 i - a potion of flight
 w - a potion of might
Comestibles
 c - 11 rations


   Skills:
 + Level 5.8 Fighting
 * Level 8.6 Maces & Flails
 + Level 5.7 Dodging
 - Level 1.0 Stealth


You had 8 spell levels left.
You didn't know any spells.
Your spell library contained the following spells:

 Spells                   Type           Power        Failure   Level  Hunger
 Animate Skeleton         Necr           N/A          52%         1    ##.....
 Apportation              Tloc           #.....       52%         1    ##.....
 Confusing Touch          Hex            #.....       52%         1    ##.....
 Summon Small Mammal      Summ           #...         52%         1    ##.....


Dungeon Overview and Level Annotations

Branches:
Dungeon (7/15)             Temple (1/1) D:5

Altars:
Ashenzari
Cheibriados
Dithmenos
Elyvilon
Fedhas
Hepliaklqana
Kikubaaqudgha
Makhleb
Nemelex Xobeh
Okawaru
Qazlal
Ru
Trog
Vehumet
Wu Jian
Yredelemnul
Zin
The Shining One

Shops:
D:5 [


Innate Abilities, Weirdness & Mutations

You are too large for most types of armour.
You have claws for hands.
Your metabolism is lightning-fast.
You like to eat raw meat.
Your natural rate of healing is unusually fast.
You are covered in thick fur. (AC +2)
You have very tough skin. (AC +2)
You have large cloven feet.
Armour fits poorly on your strangely shaped body.


Message History

You feel as though you will be slow longer.
Something hits you but does no damage.
You hit the worker ant but do no damage.
You kick the worker ant, but do no damage.
You feel very sick.
You hear an angry hiss.
The hornet stings you!
* * * LOW HITPOINT WARNING * * *
You are more poisoned.
You suddenly lose the ability to move!
The worker ant bites you.
* * * LOW HITPOINT WARNING * * *
You hear some strange, mumbled words.
A puff of flame appears from out of thin air!
Helpless, you fail to dodge the puff of flame.
* * * LOW HITPOINT WARNING * * *
The hornet stings you.
* * * LOW HITPOINT WARNING * * *
You are more poisoned.
You shrug off the repeated paralysis!
The worker ant bites you.
You die...

## # .# ..## #
.! #. .#. . ..
#. #.# .# ...
###.##.##.#...#
.....#.........
#°°a)).....#
#.@y)......#
#{###..###.#
#............#
.......###.###.#
..#.... # <..
#..|.. ..#
#...... ##
....... ......#


You could see a hornet and a worker ant.

Vanquished Creatures
  Grinder (D:4)
  Sigmund (D:6)
  Menkaure (D:4)
  2 ice beasts (D:5)
  A phantom (D:4)
  An orc warrior (D:6)
  2 ogres (D:4)
  3 centaurs (D:5)
  Blork the orc (D:6)
  A bullfrog (D:6)
  3 howler monkeys
  A crimson imp (D:6)
  2 bullfrog zombies
  4 orc wizards
  4 hounds
  4 orc priests
  3 bullfrog skeletons
  4 iguanas
  A worker ant (D:4)
  Natasha (thrice) (D:2)
  A killer bee zombie (D:5)
  2 hound skeletons
  6 gnolls
  7 adders
  2 oozes
  An adder zombie (D:6)
  3 worms
  4 dart slugs
  5 leopard geckos
  16 orcs
  8 goblins
  5 hobgoblins
  7 jackals (D:5)
  2 quokkas
  2 ball pythons
  2 bats
  3 frilled lizards
  2 kobolds (D:2)
  2 quokka zombies
  4 rats
127 creatures vanquished.

Notes
Turn   | Place    | Note
-------+----------+-------------------------------------------
     0 | D:1      | Lanoc the Troll Monk began the quest for the Orb.
     0 | D:1      | Reached XP level 1. HP: 22/22 MP: 0/0
    45 | D:1      | Reached skill level 3 in Maces & Flails
    63 | D:1      | Reached XP level 2. HP: 25/29 MP: 1/1
   340 | D:2      | Noticed Natasha
   346 | D:2      | Noticed a crimson imp
   350 | D:2      | Killed Natasha
   350 | D:2      | Reached XP level 3. HP: 27/36 MP: 2/2
   399 | D:2      | Noticed Natasha
   409 | D:2      | Killed Natasha
   409 | D:2      | Reached XP level 4. HP: 35/44 MP: 3/3
   416 | D:2      | Noticed Natasha
   424 | D:2      | Killed Natasha
   459 | D:2      | Found a radiant altar of Vehumet.
   689 | D:2      | Reached skill level 4 in Maces & Flails
  1001 | D:3      | Reached XP level 5. HP: 34/53 MP: 4/4
  1495 | D:4      | Found a shattered altar of Ashenzari.
  1500 | D:4      | Found a white marble altar of Elyvilon.
  1591 | D:4      | Noticed a phantom
  1595 | D:4      | Noticed an ogre
  1610 | D:4      | Killed an ogre
  1610 | D:4      | Reached skill level 5 in Maces & Flails
  1610 | D:4      | Reached XP level 6. HP: 35/61 MP: 5/5
  1647 | D:4      | Gained mutation: You are frail. (-10% HP) [potion of
                  | mutation]
  1647 | D:4      | Gained mutation: Your magical capacity is low. (-10% MP)
                  | [potion of mutation]
  1647 | D:4      | Gained mutation: You have sharp toenails. [potion of
                  | mutation]
  1648 | D:4      | Lost mutation: You are frail. (-10% HP) [potion of
                  | mutation]
  1648 | D:4      | Lost mutation: You have sharp toenails. [potion of
                  | mutation]
  1648 | D:4      | Gained mutation: You tend to lose your temper in combat.
                  | [potion of mutation]
  1648 | D:4      | Gained mutation: You are partially covered in yellow
                  | scales. (AC +2) [potion of mutation]
  1648 | D:4      | Gained mutation: You have sharp toenails. [potion of
                  | mutation]
  1760 | D:4      | Noticed Menkaure
  1770 | D:4      | Killed Menkaure
  1770 | D:4      | Reached XP level 7. HP: 16/68 MP: 5/5
  2021 | D:4      | Noticed Grinder
  2034 | D:4      | Killed Grinder
  2034 | D:4      | Reached skill level 6 in Maces & Flails
  2278 | D:5      | Entered Level 5 of the Dungeon
  2334 | D:5      | Reached XP level 8. HP: 22/79 MP: 6/6
  2534 | D:5      | Found a staircase to the Ecumenical Temple.
  2542 | Temple   | Entered the Ecumenical Temple
  2553 | Temple   | Became a worshipper of Qazlal Stormbringer
  2553 | Temple   | Reached * piety under Qazlal
  2553 | Temple   | Reached ** piety under Qazlal
  2692 | D:5      | Lost mutation: You have sharp toenails. [potion of
                  | mutation]
  2692 | D:5      | Lost mutation: You tend to lose your temper in combat.
                  | [potion of mutation]
  2692 | D:5      | Lost mutation: Your magical capacity is low. (-10% MP)
                  | [potion of mutation]
  2692 | D:5      | Lost mutation: You are partially covered in yellow scales.
                  | (AC +2) [potion of mutation]
  2692 | D:5      | Gained mutation: Armour fits poorly on your strangely
                  | shaped body. [potion of mutation]
  2692 | D:5      | Gained mutation: You are covered in thick fur. (AC +2)
                  | [potion of mutation]
  2692 | D:5      | Gained mutation: You have large cloven feet. [potion of
                  | mutation]
  2717 | D:5      | Found Sopuro's Antique Armour Boutique.
  2841 | D:5      | Reached skill level 7 in Maces & Flails
  3341 | D:5      | Reached skill level 5 in Fighting
  3341 | D:5      | Reached skill level 5 in Dodging
  3505 | D:5      | HP: 4/80 [something/magic dart (4)]
  3655 | D:6      | Reached skill level 8 in Maces & Flails
  3659 | D:6      | Noticed Blork the orc
  3804 | D:6      | Killed Blork the orc
  3804 | D:6      | Reached XP level 9. HP: 68/88 MP: 5/8
  3810 | D:6      | Noticed Sigmund
  3848 | D:6      | Killed Sigmund
  4164 | D:6      | Reached *** piety under Qazlal
  4362 | D:7      | Paralysed by a hornet for 1 turns
  4362 | D:7      | HP: 4/89 [something/puff of flame (4)]
  4362 | D:7      | HP: 1/89 [hornet (3)]
  4362 | D:7      | Slain by a worker ant

Vault maps used:
D:1:      saegor_arrival_under_anarchy
D:2:      vehumet_crystals, first_ration, st_stairs_6, uniq_natasha
D:4:      grunt_temple_overflow_open, uniq_grinder, uniq_menkaure
D:5:      minmay_temple_entry_ruins, serial_shops, shop_fountains
D:6:      uniq_sigmund, uniq_blork_the_orc
D:7:      serial_shops, kennysheep_little_box
Temple:   minmay_freezing_vapour_temple

Skill      XL: |  1  2  3  4  5  6  7  8 |
---------------+-------------------------+-----
Maces & Flails | 3 4 5 6 8 |  8.6
Fighting       | 3 4 5 |  5.8
Dodging        | 3 4 5 |  5.7
Stealth        | |  1.0

Action                   |  1- 3 |  4- 6 |  7- 9 || total
-------------------------+-------+-------+-------++-------
Melee: Mace              |    59 |   176 |   291 ||   526
       Kick              |       |     6 |   106 ||   112
  Use: Potion            |       |     5 |     8 ||    13
 Stab: Sleeping          |     1 |     4 |     1 ||     6
  Eat: Chunk             |     9 |     8 |    29 ||    46
Armor: Robe              |    21 |    44 |   110 ||   175
Dodge: Dodged            |    30 |   103 |   247 ||   380
Block: Other             |       |       |    37 ||    37

Table legend:
 A = Non-vault XP
 B = Vault XP
 C = Vault XP percentage of total XP
 D = Non-vault monster count
 E = Vault monster count
 F = Vault count percentage of total count
                 A         B        C        D         E       F
            +---------+---------+-------+---------+---------+-------
      Total |    2771 |     775 |  21.9 |     120 |       7 |   5.5
            +---------+---------+-------+---------+---------+-------
        D:1 |      32 |       0 |   0.0 |      13 |       0 |   0.0
        D:2 |      93 |      50 |  35.0 |      11 |       3 |  21.4
        D:3 |     104 |       0 |   0.0 |      17 |       0 |   0.0
        D:4 |     558 |     430 |  43.5 |      12 |       2 |  14.3
        D:5 |    1078 |       0 |   0.0 |      31 |       0 |   0.0
        D:6 |     734 |     295 |  28.7 |      25 |       2 |   7.4
        D:7 |     172 |       0 |   0.0 |      11 |       0 |   0.0
            +---------+---------+-------+---------+---------+-------
